Map: 16-Bit LE

Players

Must

  • Race: Zerg Zerg
  • League: Platinum
  • Spawn Location: 1:00

Assassin - Winner!

  • Race: Terran Terran
  • League: Platinum
  • Spawn Location: 7:00

VOD

Have the link to the VOD?

Description

Time

  • Played on: July 27, 2018, 5:31 a.m.
  • Length: 5:53
Show
View Real Time Build Order
Export as new Build Order

Must Zerg 

Build Orders: Hatch First 

Get SALT Encoding   

  12  0:01  Drone  
  13  0:12  Overlord  
  13  0:17  Drone  
  14  0:31  Drone x2  
  14  0:34  Drone  
  17  0:55  Hatchery  
  16  0:58  Drone  
  17  1:09  Spawning Pool  
  16  1:14  Drone  
  17  1:18  Drone  
  17  1:20  Drone  
  19  1:27  Extractor  
  19  1:28  Drone  
  19  1:39  Drone  
  20  1:51  Overlord  
  20  1:56  Queen  
  22  2:11  Drone x2  
  22  2:13  Queen, Drone  
  27  2:18  Zergling x2  
  27  2:22  Zergling x2  
  29  2:30  Metabolic Boost  
  28  3:06  Drone  
  28  3:07  Drone x7  
  28  3:10  Spine Crawler  
  35  3:13  Spine Crawler  
  34  3:32  Drone x2  
  36  3:40  Extractor  
  36  3:41  Overlord x2  
  35  3:56  Baneling Nest  
  35  3:58  Evolution Chamber  
  35  4:00  Drone x7  
  40  4:02  Extractor  
  40  4:04  Extractor  
  38  4:10  Lair  
  38  4:11  Drone x4  
  38  4:13  Queen  
  44  4:23  Overlord  
  44  4:38  Drone  
  44  4:39  Drone x6  
  51  4:48  Pneumatized Carapace  
  51  4:55  Hatchery  
  50  5:17  Spire, Drone x9  
Show
View Real Time Build Order
Export as new Build Order

Assassin Terran - Winner!

Build Orders: Reaper Expand, Hellion Banshee 

Get SALT Encoding   

  12  0:01  SCV  
  13  0:13  SCV  
  14  0:19  Supply Depot  
  14  0:25  SCV  
  15  0:30  Refinery  
  15  0:40  SCV  
  16  0:47  Barracks  
  16  0:52  SCV  
  17  1:06  SCV  
  18  1:18  SCV  
  19  1:34  Reaper  
  19  1:35  Orbital Command  
  20  1:47  Command Center  
  20  1:59  Factory  
  20  2:03  SCV  
  21  2:10  Refinery  
  21  2:11  Barracks Reactor  
  21  2:15  SCV  
  22  2:21  Supply Depot  
  22  2:27  SCV  
  23  2:43  SCV  
  24  2:50  Starport  
  24  2:55  SCV  
  25  3:01  Orbital Command  
  25  3:04  Barracks Tech Lab  
  25  3:05  Hellion  
  27  3:07  SCV  
  28  3:18  Hellion  
  28  3:19  SCV  
  31  3:31  SCV  
  32  3:35  Hellion  
  32  3:37  SCV  
  35  3:43  SCV, Banshee, Cloaking Field  
  35  3:44  Marine  
  39  3:49  SCV  
  39  3:52  Supply Depot  
  41  3:55  SCV  
  41  3:59  Hellion x2  
  41  4:01  SCV  
  46  4:05  Supply Depot  
  46  4:13  SCV x2  
  48  4:19  Supply Depot  
  48  4:22  Hellion x2  
  52  4:25  SCV x2  
  52  4:27  Banshee  
  57  4:37  SCV x2  
  59  4:44  Supply Depot  
  59  4:47  Hellion  
  59  4:49  Hellion  
  59  4:51  SCV x2  
  65  4:53  Command Center  
  65  5:04  Barracks Tech Lab  
  65  5:07  SCV  
  66  5:08  Refinery, Factory  
  66  5:10  Refinery  
  66  5:11  Factory  
  66  5:22  SCV x2  
  66  5:24  Starport Reactor  
  68  5:30  Hellion x2  
  68  5:34  SCV  
Tags
 
Add a new tag
Caveats
  • Supply blocks, unpowered buildings, or Contaminate may cause inaccurate times.
  • Supply counts are checked every 10 seconds.